| TOP OF THE 1ST |
|
Savannah Indians batting - Pitching for Asheville Tourists : RHP Frank DeJiulio
|
|
Pitching: RHP Frank DeJiulio
|
|
|
Batting: RHB Angel Salazar
|
0-0: Called Strike 0-1: Ball 1-1: Called Strike 1-2: Strikes out swinging
|
|
Batting: LHB Felix Agapay
|
0-0: Ball 1-0: Foul Ball, location: 2F 1-1: Fly out, F9 (Line Drive, 9, EV 107.5 MPH)
|
|
Batting: RHB Jim Paciorek
|
0-0: Called Strike 0-1: Ground out 5-3 (Groundball, 5, EV 81.3 MPH)
|
| Top of the 1st over - 0 runs, 0 hits, 0 errors, 0 left on base; Savannah 0 - Asheville 0 |
| BOTTOM OF THE 1ST |
|
Asheville Tourists batting - Pitching for Savannah Indians : RHP John Adams
|
|
Pitching: RHP John Adams
|
|
|
Batting: RHB Ulises Infante
|
0-0: Called Strike 0-1: Ball 1-1: Swinging Strike 1-2: Ball 2-2: SINGLE (Groundball, 25, EV 72.5 MPH) (infield hit)
|
|
Batting: SHB Wayne Simmons
|
0-0: Called Strike 0-1: Ball 1-1: Ball 2-1: Swinging Strike 2-2: Ball 3-2: Fly out, F8 (Flyball, 8LD, EV 96.3 MPH)
|
|
Batting: RHB Wes Robbins
|
0-0: Called Strike 0-1: Called Strike 0-2: Ball 1-2: Fly out, F9 (Flyball, 9D, EV 97.5 MPH)
|
|
Batting: LHB Donald Mazzilli
|
0-0: Fielders Choice at 2nd, 6-4 (Groundball, 6, EV 85.6 MPH)
|
| Bottom of the 1st over - 0 runs, 1 hit, 0 errors, 1 left on base; Savannah 0 - Asheville 0 |
| TOP OF THE 2ND |
|
Savannah Indians batting - Pitching for Asheville Tourists : RHP Frank DeJiulio
|
|
Batting: LHB Roberto Hernandez
|
0-0: SINGLE (Groundball, 6D, EV 103.1 MPH)
|
|
Batting: RHB Ramiro Gutierrez
|
0-0: Ball 1-0: Ball 2-0: Fielders Choice at 2nd, 5-4 (Groundball, 56S, EV 86.9 MPH)
|
|
Batting: RHB Eddie Vargas
|
0-0: Foul Ball, location: 2F 0-1: Ball 1-1: SINGLE (Flyball, 89S, EV 85.6 MPH) Ramiro Gutierrez to second
|
|
Batting: RHB Jeff Hearron
|
0-0: Called Strike 0-1: Fly out, F9 (Line Drive, 9, EV 95.0 MPH)
|
|
Batting: RHB Dave Engle
|
0-0: Foul Ball, location: 2F 0-1: Ball 1-1: Called Strike 1-2: Foul Ball, location: 2F 1-2: Ball 2-2: Foul Ball, location: 2F 2-2: Strikes out swinging
|
| Top of the 2nd over - 0 runs, 2 hits, 0 errors, 2 left on base; Savannah 0 - Asheville 0 |
| BOTTOM OF THE 2ND |
|
Asheville Tourists batting - Pitching for Savannah Indians : RHP John Adams
|
|
Batting: LHB Michael Wishnevski
|
0-0: Ball 1-0: Called Strike 1-1: Foul Ball, location: 2F 1-2: Foul Ball, location: 2F 1-2: Ball 2-2: Foul Ball, location: 2F 2-2: Ball 3-2: SINGLE (Groundball, 4MD, EV 106.3 MPH)
|
|
Batting: RHB Edward Petryschuk
|
0-0: Swinging Strike 0-1: Ball 1-1: Ball 2-1: Foul Ball, location: 2F 2-2: Ground out 5-3 (Groundball, 56S, EV 82.5 MPH) Michael Wishnevski to second
|
|
Batting: LHB Daniel McInerny
|
0-0: Ball 1-0: Called Strike 1-1: 2-RUN HOME RUN (Line Drive, 89XD, EV 95.0 MPH), Distance : 415 ft
|
|
Batting: RHB Gareth Ledbetter
|
0-0: Swinging Strike 0-1: Ball 1-1: Swinging Strike 1-2: Ball 2-2: Foul Ball, location: 2F 2-2: Foul Ball, location: 2F 2-2: Ball 3-2: Fly out, F9 (Line Drive, 9, EV 97.5 MPH)
|
|
Batting: RHB Tony Toups
|
0-0: Ball 1-0: Ball 2-0: Ball 3-0: Called Strike 3-1: Base on Balls
|
|
Batting: RHB Ulises Infante
|
0-0: Ball 1-0: Foul Ball, location: 2F 1-1: Swinging Strike 1-2: Ball Wild Pitch! Tony Toups to second 2-2: Ball 3-2: Ground out 4-3 (Groundball, 4, EV 104.4 MPH)
|
| Bottom of the 2nd over - 2 runs, 2 hits, 0 errors, 1 left on base; Savannah 0 - Asheville 2 |
| TOP OF THE 3RD |
|
Savannah Indians batting - Pitching for Asheville Tourists : RHP Frank DeJiulio
|
|
Batting: RHB Mario Diaz
|
0-0: Ball 1-0: Ball 2-0: Ball 3-0: Base on Balls
|
|
Batting: RHB Angel Salazar
|
0-0: Ball 1-0: Foul Ball, location: 2F 1-1: Ball 2-1: Fly out, F9 (Line Drive, 9D, EV 91.3 MPH)
|
|
Batting: LHB Felix Agapay
|
0-0: Ball 1-0: Ball 2-0: Fly out, F5 (Popup, 56S, EV 82.5 MPH)
|
|
Batting: RHB Jim Paciorek
|
0-0: Ball 1-0: Ball 2-0: Called Strike 2-1: Ball Mario Diaz steals 2nd base 3-1: Called Strike 3-2: Fly out, F7 (Line Drive, 7, EV 95.0 MPH)
|
| Top of the 3rd over - 0 runs, 0 hits, 0 errors, 1 left on base; Savannah 0 - Asheville 2 |
| BOTTOM OF THE 3RD |
|
Asheville Tourists batting - Pitching for Savannah Indians : RHP John Adams
|
|
Batting: SHB Wayne Simmons
|
0-0: Swinging Strike 0-1: Swinging Strike 0-2: Ball 1-2: Strikes out looking
|
|
Batting: RHB Wes Robbins
|
0-0: Ball 1-0: Fly out, F7 (Flyball, 7, EV 89.4 MPH)
|
|
Batting: LHB Donald Mazzilli
|
0-0: Fly out, F4 (Line Drive, 4, EV 75.0 MPH)
|
| Bottom of the 3rd over - 0 runs, 0 hits, 0 errors, 0 left on base; Savannah 0 - Asheville 2 |
| TOP OF THE 4TH |
|
Savannah Indians batting - Pitching for Asheville Tourists : RHP Frank DeJiulio
|
|
Batting: LHB Roberto Hernandez
|
0-0: Swinging Strike 0-1: Fly out, F3 (Flyball, 3D, EV 88.1 MPH)
|
|
Batting: RHB Ramiro Gutierrez
|
0-0: Called Strike 0-1: Swinging Strike 0-2: Ball 1-2: Strikes out swinging, 2-3 out at first.
|
|
Batting: RHB Eddie Vargas
|
0-0: Ground out 3-1 (Groundball, 34S, EV 86.3 MPH)
|
| Top of the 4th over - 0 runs, 0 hits, 0 errors, 0 left on base; Savannah 0 - Asheville 2 |
| BOTTOM OF THE 4TH |
|
Asheville Tourists batting - Pitching for Savannah Indians : RHP John Adams
|
|
Batting: LHB Michael Wishnevski
|
0-0: Fly out, F3 (Line Drive, 3, EV 65.0 MPH)
|
|
Batting: RHB Edward Petryschuk
|
0-0: Swinging Strike 0-1: Ball 1-1: Foul Ball, location: 2F 1-2: Ball 2-2: Foul Ball, location: 2F 2-2: Ball 3-2: Strikes out swinging
|
|
Batting: LHB Daniel McInerny
|
0-0: Ball 1-0: Reached on error, E9 (Flyball, 9D, EV 103.8 MPH)
|
|
Batting: RHB Gareth Ledbetter
|
0-0: Ball 1-0: Called Strike 1-1: Ball 2-1: Foul Ball, location: 2F 2-2: Ball 3-2: SINGLE (Flyball, 78S, EV 93.8 MPH) Daniel McInerny to third Daniel McInerny scores
|
|
Batting: RHB Tony Toups
|
0-0: Ball 1-0: Foul Ball, location: 2F 1-1: Foul Ball, location: 2F 1-2: Ground out 4-3 (Groundball, 4, EV 86.3 MPH)
|
| Bottom of the 4th over - 1 run, 1 hit, 1 error, 1 left on base; Savannah 0 - Asheville 3 |
| TOP OF THE 5TH |
|
Savannah Indians batting - Pitching for Asheville Tourists : RHP Frank DeJiulio
|
|
Batting: RHB Jeff Hearron
|
0-0: Foul Ball, location: 2F 0-1: Swinging Strike 0-2: Foul Ball, location: 2F 0-2: Ball 1-2: Hit by Pitch
|
|
Batting: RHB Dave Engle
|
0-0: Fly out, F9 (Flyball, 9S, EV 88.1 MPH)
|
|
Batting: RHB Mario Diaz
|
0-0: Ball 1-0: Ball 2-0: Ball 3-0: Called Strike 3-1: Called Strike 3-2: Base on Balls Jeff Hearron to second
|
|
Batting: RHB Angel Salazar
|
0-0: Ball 1-0: Ball 2-0: Grounds into double play, 4-6-3 (Groundball, 4S, EV 81.9 MPH)
|
| Top of the 5th over - 0 runs, 0 hits, 0 errors, 1 left on base; Savannah 0 - Asheville 3 |
| BOTTOM OF THE 5TH |
|
Asheville Tourists batting - Pitching for Savannah Indians : RHP John Adams
|
|
Batting: RHB Ulises Infante
|
0-0: Ball 1-0: Ball 2-0: Called Strike 2-1: Ground out 6-3 (Groundball, 6, EV 81.3 MPH)
|
|
Batting: SHB Wayne Simmons
|
0-0: Ball 1-0: Ball 2-0: Ball 3-0: Base on Balls
|
|
Batting: RHB Wes Robbins
|
0-0: Called Strike 0-1: Ball 1-1: Ball 2-1: Called Strike 2-2: Ball 3-2: Base on Balls Wayne Simmons to second
|
|
Batting: LHB Donald Mazzilli
|
0-0: Ball 1-0: Swinging Strike 1-1: Fly out, F9 (Flyball, 89S, EV 96.9 MPH)
|
|
Batting: LHB Michael Wishnevski
|
0-0: Called Strike 0-1: Swinging Strike 0-2: Ball 1-2: Ball 2-2: Ball 3-2: Strikes out looking
|
| Bottom of the 5th over - 0 runs, 0 hits, 0 errors, 2 left on base; Savannah 0 - Asheville 3 |
| TOP OF THE 6TH |
|
Savannah Indians batting - Pitching for Asheville Tourists : RHP Frank DeJiulio
|
|
Batting: LHB Felix Agapay
|
0-0: Foul Ball, location: 2F 0-1: Ball 1-1: Ball 2-1: Foul Ball, location: 2F 2-2: Ball 3-2: Fly out, F8 (Flyball, 8RXD, EV 103.8 MPH)
|
|
Batting: RHB Jim Paciorek
|
0-0: Called Strike 0-1: Called Strike 0-2: Foul Ball, location: 2F 0-2: Fly out, F3 (Popup, 3SF, EV 83.8 MPH)
|
|
Batting: LHB Roberto Hernandez
|
0-0: SINGLE (Groundball, 56D, EV 104.4 MPH)
|
|
Batting: RHB Ramiro Gutierrez
|
0-0: Ball Roberto Hernandez steals 2nd, throwing error, E2 Roberto Hernandez to third 1-0: Ball 2-0: Ground out 6-3 (Groundball, 6M, EV 96.9 MPH)
|
| Top of the 6th over - 0 runs, 1 hit, 1 error, 1 left on base; Savannah 0 - Asheville 3 |
| BOTTOM OF THE 6TH |
|
Asheville Tourists batting - Pitching for Savannah Indians : RHP John Adams
|
|
Batting: RHB Edward Petryschuk
|
0-0: Fly out, F8 (Flyball, 8RXD, EV 103.1 MPH)
|
|
Batting: LHB Daniel McInerny
|
0-0: Foul Ball, location: 2F 0-1: Ball 1-1: Ground out 4-3 (Groundball, 4MD, EV 84.4 MPH)
|
|
Batting: RHB Gareth Ledbetter
|
0-0: Ball 1-0: Ball 2-0: Ball 3-0: Base on Balls
|
|
Batting: RHB Tony Toups
|
0-0: Ball 1-0: Ball 2-0: SINGLE (Groundball, 5S, EV 67.5 MPH) (infield hit) Gareth Ledbetter to second
|
|
Batting: RHB Ulises Infante
|
0-0: Ball 1-0: Ball 2-0: Called Strike 2-1: Ball 3-1: SINGLE (Line Drive, 4MD, EV 105.0 MPH) Gareth Ledbetter to third Tony Toups to second Runner from 3rd tries for Home, SAFE, throw by CF to home
|
|
Batting: SHB Wayne Simmons
|
0-0: Called Strike 0-1: Ball 1-1: Called Strike 1-2: Fly out, F8 (Flyball, 8RS, EV 87.5 MPH)
|
| Bottom of the 6th over - 1 run, 2 hits, 0 errors, 2 left on base; Savannah 0 - Asheville 4 |
| TOP OF THE 7TH |
|
Savannah Indians batting - Pitching for Asheville Tourists : RHP Frank DeJiulio
|
|
Batting: RHB Eddie Vargas
|
0-0: Called Strike 0-1: Ball 1-1: Ball 2-1: Fly out, F7 (Flyball, 7, EV 91.9 MPH)
|
|
Batting: RHB Jeff Hearron
|
0-0: Ball 1-0: Ball 2-0: Swinging Strike 2-1: Foul Ball, location: 2F 2-2: Foul Ball, location: 2F 2-2: Ball 3-2: Strikes out swinging
|
|
Batting: RHB Dave Engle
|
0-0: Ball 1-0: Called Strike 1-1: Swinging Strike 1-2: Foul Ball, location: 2F 1-2: Ground out 4-3 (Groundball, 4, EV 85.6 MPH)
|
| Top of the 7th over - 0 runs, 0 hits, 0 errors, 0 left on base; Savannah 0 - Asheville 4 |
| BOTTOM OF THE 7TH |
|
Asheville Tourists batting - Pitching for Savannah Indians : RHP John Adams
|
|
Batting: RHB Wes Robbins
|
0-0: Ground out 6-3 (Groundball, 6, EV 105.0 MPH)
|
|
Batting: LHB Donald Mazzilli
|
0-0: Ball 1-0: Foul Ball, location: 2F 1-1: Ground out 5-3 (Groundball, 5, EV 93.1 MPH)
|
|
Batting: LHB Michael Wishnevski
|
0-0: Swinging Strike 0-1: Ball 1-1: Foul Ball, location: 2F 1-2: Ball 2-2: Foul Ball, location: 2F 2-2: SINGLE (Line Drive, 9S, EV 99.4 MPH)
|
|
Batting: RHB Edward Petryschuk
|
0-0: Ball 1-0: Called Strike 1-1: Fly out, F4 (Popup, 34, EV 80.0 MPH)
|
| Bottom of the 7th over - 0 runs, 1 hit, 0 errors, 1 left on base; Savannah 0 - Asheville 4 |
| TOP OF THE 8TH |
|
Savannah Indians batting - Pitching for Asheville Tourists : RHP Frank DeJiulio
|
|
Batting: RHB Mario Diaz
|
0-0: Called Strike 0-1: Fly out, F7 (Flyball, 78M, EV 78.8 MPH)
|
|
Batting: RHB Angel Salazar
|
0-0: Fly out, F8 (Flyball, 8LD, EV 89.4 MPH)
|
|
Batting: LHB Felix Agapay
|
0-0: Ball 1-0: Fly out, F7 (Line Drive, 7, EV 98.1 MPH)
|
| Top of the 8th over - 0 runs, 0 hits, 0 errors, 0 left on base; Savannah 0 - Asheville 4 |
| BOTTOM OF THE 8TH |
|
Asheville Tourists batting - Pitching for Savannah Indians : RHP John Adams
|
|
Batting: LHB Daniel McInerny
|
0-0: Called Strike 0-1: Ball 1-1: Ball 2-1: Ball 3-1: Base on Balls
|
|
Batting: RHB Gareth Ledbetter
|
0-0: Bunted foul 0-1: Bunted foul 0-2: Ball 1-2: Ball 2-2: Grounds into double play, 5-4-3 (Groundball, 56, EV 104.4 MPH)
|
|
Batting: RHB Tony Toups
|
0-0: Foul Ball, location: 2F 0-1: Ball 1-1: Swinging Strike 1-2: Ball 2-2: Foul Ball, location: 2F 2-2: Ball 3-2: Ground out 5-3 (Groundball, 56, EV 90.0 MPH)
|
| Bottom of the 8th over - 0 runs, 0 hits, 0 errors, 0 left on base; Savannah 0 - Asheville 4 |
| TOP OF THE 9TH |
|
Savannah Indians batting - Pitching for Asheville Tourists : RHP Frank DeJiulio
|
|
Batting: RHB Jim Paciorek
|
0-0: Called Strike 0-1: Called Strike 0-2: Ground out 4-3 (Groundball, 4M, EV 81.9 MPH)
|
|
Batting: LHB Roberto Hernandez
|
0-0: Fly out, F6 (Popup, 6, EV 53.8 MPH)
|
|
Batting: RHB Ramiro Gutierrez
|
0-0: Called Strike 0-1: Called Strike 0-2: SOLO HOME RUN (Flyball, 78XD, EV 93.1 MPH), Distance : 416 ft
|
|
Batting: RHB Eddie Vargas
|
0-0: Ball 1-0: Called Strike 1-1: Ball 2-1: Called Strike 2-2: Foul Ball, location: 2F 2-2: SINGLE (Line Drive, 7LS, EV 105.0 MPH)
|
|
Batting: RHB Jeff Hearron
|
0-0: Swinging Strike 0-1: Foul Ball, location: 2F 0-2: Strikes out looking
|
| Top of the 9th over - 1 run, 2 hits, 0 errors, 1 left on base; Savannah 1 - Asheville 4 |
|